 Dungeon Crawl Stone Soup version 0.14-a0-1444-g21dc12d (webtiles) character file.

14165 M4edhros the Envoy of Void (level 12, -10/70 (72) HPs)
             Began as an Octopode Abyssal Knight on Dec 12, 2013.
             Was a High Priest of Lugonu.
             Killed from afar by a vapour (22 damage)
             ... with a bolt of lightning
             ... summoned by Lugonu's corruption
             ... on Level 4 of the Orcish Mines.
             The game lasted 01:14:57 (13614 turns).

M4edhros the Envoy of Void (OpAK)                  Turns: 13614, Time: 01:14:57

HP -10/70 (72)   AC  8     Str 12      XL: 12   Next:  1%
MP  26/26        EV 18     Int 18      God: Lugonu [*****.]
Gold 1207        SH  9     Dex 12      Spells:  3 memorised, 13 levels left

rFire  + + .     SeeInvis .     O - +2,+0 trident (protect)
rCold  . . .     Clarity  .     S - +1 dwarf buckler
rNeg   + . .     Conserve +     m - +2 wizard hat
rPois  .         rCorr    .     L - amulet of conservation
rElec  .         rRot     .     i - ring of regeneration
SustAb . .       Spirit   .     q - ring of fire
rMut   .         Warding  .     C - +2 ring of evasion
Saprov . . .     Stasis   .     A - ring of fire
                                g - ring of protection from magic
                                E - ring of positive energy
                                (no ring)
                                (no ring)

@: quite resistant to hostile enchantments, fairly stealthy
A: almost no armour, amphibious, 8 rings, constrict 8, spike 1, camouflage 1,
berserk 1, blink 1, cold resistance 2, gelatinous body 1, evolution 2
a: Blink, Depart the Abyss, Bend Space, Banish, Corrupt, Enter the Abyss,
Renounce Religion


You were on level 4 of the Orcish Mines.
You worshipped Lugonu.
Lugonu was extremely pleased with you.
You were hungry.

You visited 2 branches of the dungeon, and saw 15 of its levels.
You visited the Abyss 1 time.
You also visited: Labyrinth and Ossuary.

You collected 1207 gold pieces.

Inventory:

Hand weapons
 a - a +3,+3 spear
 y - a +0,+0 crossbow
 O - a +2,+0 trident of protection (weapon)
 V - the +5,+2 hand axe "Urichoy" {venom, MR++ SInv}
   (You found it in a labyrinth)

   It poisons the flesh of those it strikes.
   It affects your resistance to hostile enchantments.
   It enhances your eyesight.
Missiles
 B - 72 bolts
Armour
 m - a +2 wizard hat (worn)
 S - a +1 dwarven buckler (worn)
Magical devices
 j - a wand of disintegration (14)
 x - a wand of teleportation (4)
 I - a wand of paralysis (2)
 K - a wand of slowing (12)
 P - a wand of random effects (3)
 R - a wand of frost (11)
Comestibles
 b - 3 apples
 c - 4 bread rations
 h - a banana
 o - a pear
 v - 2 chokos
 Q - an apricot
Scrolls
 e - a scroll of amnesia
 l - 4 scrolls of identify
 t - 4 scrolls of enchant weapon II
 D - 4 scrolls of remove curse
 F - a scroll of noise
 H - a scroll of vulnerability
 J - a scroll of enchant weapon I
Jewellery
 g - a ring of protection from magic (on tentacle)
 i - a ring of regeneration (left tentacle)
 n - an uncursed amulet of resist corrosion
 q - a ring of fire (right tentacle)
 u - an uncursed amulet of the gourmand
 A - a ring of fire (on tentacle)
 C - a +2 ring of evasion (on tentacle)
 E - a ring of positive energy (on tentacle)
 L - an amulet of conservation (around mantle)
Potions
 d - a potion of magic
 f - a potion of speed
 k - 2 potions of brilliance
 z - a potion of cure mutation
 T - a potion of might
Books
 w - a book of Necromancy

   Spells                             Type                      Level
   Pain                               Necromancy                   1
   Animate Skeleton                   Necromancy                   1
   Lethal Infusion                    Charms/Necromancy            2
   Vampiric Draining                  Necromancy                   3
   *Regeneration                      Charms/Necromancy            3
   Animate Dead                       Necromancy                   4
   Control Undead                     Necromancy                   4
 G - a book of the Sky

   Spells                             Type                      Level
   Flight                             Charms/Air                   3
   Airstrike                          Air                          4
   Silence                            Hexes/Air                    5
   Deflect Missiles                   Charms/Air                   6
   Conjure Ball Lightning             Conjuration/Air              6
   Tornado                            Air                          9
 M - a Young Poisoner's Handbook

   Spells                             Type                      Level
   *Sting                             Conjuration/Poison           1
   Cure Poison                        Poison                       2
   *Mephitic Cloud                    Conjuration/Poison/Air       3
   Olgreb's Toxic Radiance            Poison                       4
   Venom Bolt                         Conjuration/Poison           5
 N - a book of Wizardry

   Spells                             Type                      Level
   Summon Elemental                   Summoning                    4
   Agony                              Necromancy                   5
   Force Lance                        Conjuration                  5
   Fireball                           Conjuration/Fire             5
   Haste                              Charms                       6
   Invisibility                       Hexes                        6
 U - a book of the Earth

   Spells                             Type                      Level
   Dig                                Earth                        4
   Leda's Liquefaction                Hexes/Earth                  4
   Bolt of Magma                      Conjuration/Fire/Earth       5
   Statue Form                        Transmutation/Earth          6
   Iron Shot                          Conjuration/Earth            6
   Shatter                            Earth                        9
Rods
 p - a +1 rod of demonology (14/14)
   (You found it on level 5 of the Dungeon)
 s - a +2 rod of frigid destruction (9/9)
   (You took it off a minotaur in a labyrinth)
 W - a +1 rod of destruction (12/12)
   (You found it in a labyrinth)


   Skills:
 - Level 3.5 Fighting
 - Level 9.1 Polearms
 + Level 10.4 Dodging
 + Level 1.9 Shields
 + Level 4.8 Spellcasting
 - Level 5.3 Conjurations
 + Level 0.0 Charms
 + Level 0.0 Necromancy
 - Level 5.3 Poison Magic
 - Level 10.5 Invocations


You had 13 spell levels left.
You knew the following spells:

 Your Spells              Type           Power        Failure   Level  Hunger
a - Mephitic Cloud        Conj/Pois/Air  ###.....     12%         3    ###....
b - Sting                 Conj/Pois      ###.         1%          1    None
c - Regeneration          Chrm/Necr      #.........   43%         3    ###....


Dungeon Overview and Level Annotations

Branches:
Dungeon (11/16)            Temple (0/1) D:6             Orc (4/4) D:10
    Elf (0/3) Orc:3          Lair (0/8) D:9

Altars:
Cheibriados
Elyvilon
Kikubaaqudgha
Trog
Vehumet
Yredelemnul
Jiyva

Shops:
D:5 [   Orc:4 *+*

Annotations:
Abyss:1 Blork the orc, Erolcha, Josephine, Menkaure


Innate Abilities, Weirdness & Mutations

You cannot wear most types of armour.
You are amphibious.
You can wear up to eight rings at the same time.
You can use your tentacles to constrict many enemies at once.
Your skin changes colour to match your surroundings (Stlth).
Your rubbery body absorbs attacks (AC +1).
One of your tentacles bears a spike.
You tend to lose your temper in combat.
You can translocate small distances at will.
Your flesh is very cold resistant.
You rapidly evolve.


Message History

an orcish mace; an orcish crossbow; 25 bolts The guardian serpent simulacrum hits you!
The guardian serpent simulacrum freezes you!
The large abomination hits you!
The guardian serpent simulacrum hits you.
* * * LOW HITPOINT WARNING * * *
The guardian serpent simulacrum freezes you!
* * * LOW HITPOINT WARNING * * *
Items here: ( )))) an orcish glaive; an orcish crossbow; an uncursed orcish broad axe an orcish crossbow; 40 bolts The tentacled starspawn disappears in a puff of smoke!
Things that are here:
an orcish broad axe; an orcish crossbow; 19 bolts The small abomination disappears in a puff of smoke!
Deactivating autopickup; reactivate with Ctrl-A.
You barely miss it.
You pierce it.
Tentacles burst from the starspawn's body!
The bolt of lightning hits you!
You die...

##....5.........5$.###
#...$....#.##3#...##.##
##..5W).........##..).#
#......#)...#......h...
##....#..w....#.....4..
#.........*X......(....
#..X##..Z.X.##..X###(..
#..##{......#..≈.# #≈≈.
#..#..@........≈≈# #≈(≈
#.......(...#### ##≈≈
#..##...)..).X## ###
#.....#..)))#.#
#.#..5..)#.))).().∩..)
......X...).)).))∩z2
#.##......≈≈#)###.))#
#......#.≈≈.# ∩##
..)......#≈≈≈≈# #


You could see 2 neutral tentacled starspawn, 2 neutral large abominations, a
neutral wraith, a neutral starspawn tentacle, a neutral iron imp (wandering), a
neutral white imp (wandering) and a neutral guardian serpent simulacrum
(wandering).

Vanquished Creatures
  A minotaur (Lab)
  An octopode (D:10)
  A feature mimic (D:10)
  A spriggan (D:7)
  6 yaks (D:10)
  5 ugly things (D:10)
  Eustachio (D:5)
  A steam dragon (D:10)
  A shark (D:10)
  Edmund (D:5)
  A necrophage (D:10)
  A griffon simulacrum (D:10)
  6 orc warriors
  2 sky beasts
  6 ogres
  3 phantoms
  2 black bears (D:8)
  4 giant goldfish (D:10)
  4 centaurs
  5 giant frogs
  2 gnoll sergeants (D:9)
  A yak zombie (D:10)
  3 killer bees (D:10)
  A jellyfish (D:10)
  An eye of draining (D:10)
  A goliath beetle (D:6)
  3 bog bodies (Ossuary)
  A quasit (D:10)
  A centaur zombie (D:8)
  10 orc priests
  5 crimson imps
  2 electric eels (D:10)
  5 gnoll shamans
  3 scorpions
  A black bear zombie (D:7)
  9 hounds
  An iron imp (D:5)
  A big fish (D:10)
  3 iguanas
  4 worker ants
  17 orc wizards
  A killer bee zombie (D:7)
  A troll simulacrum (D:10)
  An ogre zombie (D:8)
  A big kobold zombie (D:10)
  2 ogre skeletons
  A hound zombie (Ossuary)
  A hound skeleton (D:4)
  9 mummies
  A giant centipede (D:10)
  A hound simulacrum (D:10)
  11 adders
  58 gnolls
  A goliath beetle zombie (Ossuary)
  A worm (D:2)
  2 iguana zombies
  4 adder zombies
  4 giant eyeballs
  3 giant geckos
  5 oozes
  85 orcs
  A bat skeleton (D:4)
  A bat zombie (D:6)
  3 giant cockroaches
  3 giant mite zombies
  15 hobgoblins
  27 jackals
  7 quokkas
  4 ball pythons
  21 bats
  6 giant newts
  A giant spore (D:10)
  15 goblins
  3 goblin zombies (Ossuary)
  2 hobgoblin zombies (Ossuary)
  9 kobolds
  3 kobold zombies
  An orc skeleton (D:5)
  An orc zombie (D:10)
  9 rats
  A rat skeleton (D:4)
  A plant (D:7)
455 creatures vanquished.

Vanquished Creatures (collateral kills)
  A killer bee (D:10)
1 creature vanquished.

Vanquished Creatures (others)
  An ettin (Orc:3)
  A hydra (D:10)
  A very ugly thing (Orc:4)
  A thrashing horror (Orc:4)
  A large abomination (Orc:4)
  3 orc knights (Orc:4)
  A raiju (Orc:4)
  A troll (D:10)
  A two-headed ogre (D:6)
  A golden eye (Orc:4)
  An ugly thing (D:10)
  2 wyverns
  A yak (D:10)
  2 manticores
  4 small abominations (Orc:4)
  3 ogres
  A swamp drake (D:10)
  23 orc warriors
  6 centaurs
  A killer bee (D:10)
  3 bog bodies (Ossuary)
  An electric eel (D:10)
  A crimson imp (D:10)
  2 big fish (D:10)
  4 jellies
  A lemure (Orc:4)
  A white imp (Orc:4)
  6 ufetubi (Orc:4)
  16 orcs (Orc:4)
  A goblin (Orc:4)
  3 giant spores (D:10)
  8 ballistomycetes (D:10)
  A bush (D:6)
  2 plants
  5 starspawn tentacles (Orc:4)
  29 starspawn tentacle segments (Orc:4)
140 creatures vanquished.

Grand Total: 596 creatures vanquished

Notes
Turn   | Place    | Note
--------------------------------------------------------------
     0 | Abyss:1  | M4edhros, the Octopode Abyssal Knight, began the quest for the Orb.
     0 | Abyss:1  | Reached XP level 1. HP: 16/16 MP: 1/1
    58 | Abyss:1  | Noticed a ynoxinul
    80 | D:1      | Escaped the Abyss
   128 | D:1      | Acquired Lugonu's first power
   244 | D:1      | Reached XP level 2. HP: 19/21 MP: 2/2
   504 | D:1      | Paralysed by a potion of paralysis for 5 turns
   603 | D:2      | Gained mutation: You tend to lose your temper in combat. [potion of mutation]
   603 | D:2      | Gained mutation: You evolve. [potion of mutation]
   603 | D:2      | Gained mutation: You can translocate small distances at will. [potion of mutation]
   698 | D:2      | Reached XP level 3. HP: 17/26 MP: 4/4
   750 | D:2      | Acquired Lugonu's second power
   940 | D:2      | Found a radiant altar of Vehumet.
   941 | D:2      | Found a white marble altar of Elyvilon.
   941 | D:2      | Found a basalt altar of Yredelemnul.
  1371 | D:3      | Reached XP level 4. HP: 31/31 MP: 5/5
  1504 | D:3      | Acquired Lugonu's third power
  1713 | D:3      | Reached XP level 5. HP: 27/36 MP: 6/8
  1854 | D:3      | Noticed an elephant slug
  1855 | D:3      | Found a snail-covered altar of Cheibriados.
  1856 | D:3      | Noticed an elephant slug
  1856 | D:3      | Noticed an elephant slug
  2130 | D:4      | Noticed Blork the orc
  2136 | D:4      | Reached skill level 4 in Polearms
  2137 | D:4      | Banished Blork the orc
  2159 | D:4      | Reached XP level 6. HP: 30/42 MP: 7/10
  2193 | D:4      | Found a sand-covered staircase.
  2345 | Ossuary  | Entered an ossuary
  2357 | Ossuary  | Acquired Lugonu's fourth power
  2421 | Ossuary  | Reached skill level 5 in Polearms
  2589 | Ossuary  | Reached XP level 7. HP: 44/46 MP: 7/12
  3365 | D:4      | Noticed an ogre
  3384 | D:4      | Reached skill level 6 in Polearms
  3418 | D:4      | Reached skill level 5 in Invocations
  3464 | D:4      | Acquired Lugonu's fifth power
  3507 | D:4      | Reached skill level 5 in Dodging
  3564 | D:4      | Reached XP level 8. HP: 40/52 MP: 15/15
  3738 | D:4      | Banished an ogre
  3870 | D:4      | Gained mutation: Your flesh is cold resistant. [evolution]
  4064 | D:4      | Reached skill level 7 in Polearms
  4300 | D:5      | Entered Level 5 of the Dungeon
  4356 | D:5      | Identified a +1 rod of demonology (14/14) (You found it on level 5 of the Dungeon)
  4372 | D:5      | Noticed Eustachio
  4373 | D:5      | Found a snail-covered altar of Cheibriados.
  4402 | D:5      | Killed Eustachio
  4557 | D:5      | Paralysed by a giant eyeball for 3 turns
  4587 | D:5      | Found a viscous altar of Jiyva.
  4588 | D:5      | Noticed Edmund
  4616 | D:5      | Killed Edmund
  4616 | D:5      | Reached skill level 8 in Polearms
  4616 | D:5      | Reached XP level 9. HP: 43/56 MP: 14/18
  4664 | D:5      | Found Bimeacu's Armour Boutique.
  5001 | D:5      | Gained mutation: Your flesh is very cold resistant. [evolution]
  5462 | D:6      | Paralysed by a giant eyeball for 2 turns
  5466 | D:6      | Paralysed by a giant eyeball for 4 turns
  5815 | D:6      | Found a staircase to the Ecumenical Temple.
  5861 | D:6      | Reached skill level 9 in Polearms
  6032 | D:6      | Noticed Menkaure
  6101 | D:6      | Banished Menkaure
  6506 | D:7      | Found an ancient bone altar of Kikubaaqudgha.
  6607 | D:7      | Noticed a spriggan baker
  6608 | D:7      | Killed a spriggan baker
  7144 | D:7      | Reached XP level 10. HP: 51/63 MP: 21/21
  8350 | D:9      | Learned a level 3 spell: Mephitic Cloud
  8376 | D:9      | Learned a level 1 spell: Sting
  8493 | D:9      | Found a staircase to the Lair.
  8493 | D:9      | Noticed Erolcha
  8496 | D:9      | Banished Erolcha
  8496 | D:9      | Reached skill level 1 in Spellcasting
  8496 | D:9      | Reached skill level 1 in Conjurations
  8496 | D:9      | Reached skill level 1 in Poison Magic
  8755 | D:10     | Entered Level 10 of the Dungeon
  9461 | D:10     | Found a staircase to the Orcish Mines.
  9462 | D:10     | Noticed Josephine
  9468 | D:10     | Banished Josephine
  9468 | D:10     | Reached XP level 11. HP: 45/65 MP: 19/24
  9549 | D:10     | Noticed an eight-headed hydra
  9551 | D:10     | Banished an eight-headed hydra
  9551 | D:10     | Reached skill level 10 in Invocations
  9616 | D:10     | Gained mutation: One of your tentacles bears a spike. [evolution]
 10179 | Orc:1    | Entered Level 1 of the Orcish Mines
 10651 | D:10     | Noticed an octopode
 10672 | D:10     | Killed an octopode
 10756 | D:10     | Reached skill level 10 in Dodging
 10873 | D:10     | Reached skill level 5 in Poison Magic
 11716 | Orc:2    | Found a bloodstained altar of Trog.
 11789 | Orc:1    | Reached skill level 1 in Shields
 11953 | Orc:3    | Noticed an ettin
 11955 | Orc:3    | Banished an ettin
 12030 | Orc:3    | Noticed an orc knight
 12035 | Orc:3    | Found a staircase to the Elven Halls.
 12161 | Orc:4    | Entered Level 4 of the Orcish Mines
 12161 | Orc:4    | Found a labyrinth entrance.
 12211 | Orc:4    | Reached skill level 5 in Conjurations
 12248 | Lab      | Entered a labyrinth
 12539 | Lab      | Gained mutation: You rapidly evolve. [evolution]
 12541 | Lab      | Yermak: nice mut
 12541 | Lab      | Yermak: What's in total?
 12541 | Lab      | M4edhros: hi
 12541 | Lab      | M4edhros: im gonna swap for jiyva
 12541 | Lab      | Yermak: well, not that bad
 12541 | Lab      | M4edhros: after clearing orc and elves
 12541 | Lab      | M4edhros: with lugonu
 12541 | Lab      | M4edhros: (hopefuly)
 12541 | Lab      | M4edhros: so i can get stashes for rings and books
 12747 | Lab      | Yermak: no digging?
 12896 | Lab      | Yermak: Man, you have no affinity for labyrinthes
 12926 | Lab      | Yermak: totally no affinity
 12978 | Lab      | M4edhros: this one hates me
 13230 | Lab      | Noticed a minotaur
 13234 | Lab      | Noticed a soul eater
 13235 | Lab      | M4edhros: hm wait
 13235 | Lab      | M4edhros: i forgot no evo.
 13296 | Lab      | Got an ichor-stained hand axe
 13297 | Lab      | Identified the +5,+2 hand axe "Urichoy" {venom, MR++ SInv} (You found it in a labyrinth)
 13304 | Lab      | Identified a +1 rod of destruction (12/12) (You found it in a labyrinth)
 13359 | Lab      | HP: 3/65 [spatial distortion (2)]
 13372 | Lab      | Killed a minotaur
 13383 | Lab      | Identified a +2 rod of frigid destruction (8/9) (You took it off a minotaur in a labyrinth)
 13480 | Orc:4    | Learned a level 3 spell: Regeneration
 13507 | Orc:4    | Reached XP level 12. HP: 54/70 MP: 26/26
 13525 | Orc:4    | Corrupted Orc:4
 13525 | Orc:4    | Noticed a tentacled starspawn
 13525 | Orc:4    | Noticed a thrashing horror
 13525 | Orc:4    | Noticed a tentacled starspawn
 13525 | Orc:4    | Noticed an eidolon
 13525 | Orc:4    | Noticed a tentacled starspawn
 13525 | Orc:4    | Noticed a thrashing horror
 13525 | Orc:4    | Noticed a starcursed mass
 13526 | Orc:4    | Noticed a tentacled starspawn
 13528 | Orc:4    | Noticed a cacodemon
 13528 | Orc:4    | Noticed a purple very ugly thing
 13530 | Orc:4    | Noticed a tentacled starspawn
 13530 | Orc:4    | Noticed a tentacled starspawn
 13531 | Orc:4    | Killed an orc knight
 13533 | Orc:4    | Killed an orc knight
 13536 | Orc:4    | Killed a thrashing horror
 13551 | Orc:4    | Killed a purple very ugly thing
 13556 | Orc:4    | Killed an orc knight
 13578 | Orc:4    | Found Xating's Assorted Antiques.
 13579 | Orc:4    | Found Duabb's Assorted Antiques.
 13579 | Orc:4    | Found Pruig's Book Boutique.
 13596 | Orc:4    | Noticed a starcursed mass
 13614 | Orc:4    | Killed from afar by a vapour

Action                   |  1- 3 |  4- 6 |  7- 9 | 10-12 || total
-------------------------+-------+-------+-------+-------++-------
Melee: Spear             |    89 |   199 |   667 |   211 ||  1166
       Trident           |       |       |       |   641 ||   641
 Fire: Crossbow          |       |       |       |     2 ||     2
 Cast: Sting             |       |       |       |     9 ||     9
       Mephitic Cloud    |       |       |       |    16 ||    16
Invok: Depart the Abyss  |     1 |       |       |       ||     1
       Banish            |       |     4 |    13 |    26 ||    43
       Bend Space        |       |       |       |     2 ||     2
       Corrupt           |       |       |       |     1 ||     1
 Abil: Blink             |       |       |       |     2 ||     2
Evoke: Wand              |       |       |     2 |    18 ||    20
       Rod               |       |       |       |     4 ||     4
  Use: Potion            |     5 |     6 |     3 |    23 ||    37
       Scroll            |       |    12 |     5 |    10 ||    27
 Stab: Sleeping          |     7 |     6 |     9 |     6 ||    28
       Invisible         |       |     2 |       |       ||     2
       Distracted        |       |       |     1 |       ||     1
       Paralysed         |       |       |       |    12 ||    12
       Confused          |       |       |       |     6 ||     6
